 Dungeon Crawl Stone Soup version 0.29.0-7-g18a832c13a (webtiles) character file.

Game seed: 1565071784892741410

125 SensoryNuts the Slasher (level 4, -3/35 HPs)
             Began as a Demonspawn Fighter on Aug 31, 2022.
             Slain by apoch's ghost (9 damage)
             ... on level 3 of the Dungeon.
             The game lasted 00:02:48 (2424 turns).

SensoryNuts the Slasher (Demonspawn Fighter)        Turns: 2424, Time: 00:02:49

Health: -3/35      AC:  8    Str: 16    XL:     4   Next: 82%
Magic:  0/4        EV:  9    Int:  9    God:
Gold:   129        SH:  5    Dex: 15    Spells: 3/3 levels left

rFire   . . .      SeeInvis .   a - +0 long sword
rCold   . . .      Faith    .   c - +0 buckler
rNeg    . . .      Spirit   +   b - +0 scale mail
rPois   .          Reflect  .   (no helmet)
rElec   .          Harm     .   (no cloak)
rCorr   .          Rampage  .   k - +1 pair of gloves
Will    .....                   (no boots)
Stlth   ..........              (no amulet)
HPRegen 0.11/turn               (no ring)
MPRegen 0.18/turn               (no ring)

@: mighty, weak-willed
A: foul stench 1, magic shield, magic regeneration
a: no special abilities


You were on level 3 of the Dungeon.
You visited 1 branch of the dungeon, and saw 3 of its levels.

You collected 129 gold pieces.

Inventory:

Hand Weapons
 a - a +0 long sword (weapon)
Armour
 b - a +0 scale mail (worn)
 c - a +0 buckler (worn)
 k - a +1 pair of gloves (worn)
Jewellery
 e - an amulet of faith
Scrolls
 j - 4 scrolls of identify
Potions
 f - a potion of invisibility {unknown}
 g - 2 potions of heal wounds
 h - a potion of magic {unknown}
 i - a potion of mutation
 l - a potion of haste {unknown}
 m - a potion of brilliance {unknown}
 o - a potion of lignification {unknown}


   Skills:
 + Level 3.3 Fighting
 * Level 3.7 Long Blades
 + Level 3.1 Armour
 + Level 0.6 Dodging
 + Level 3.0 Shields


You had 3 spell levels left.
You didn't know any spells.
Your spell library contained the following spells:

 Spells                   Type           Power      Damage    Failure   Level
 Apportation              Tloc           0%         N/A       88%         1
 Necrotise                Necr           0%         1d4       88%         1
 Summon Small Mammal      Summ           0%         N/A       88%         1
 Gell's Gravitas          Tloc           0%         N/A       99%         3
 Lesser Beckoning         Tloc           0%         N/A       99%         3
 Teleport Other           Tloc           0%         N/A       99%         3


Dungeon Overview and Level Annotations

Branches:
Dungeon (3/15)

Altars:
Trog

Annotations:
D:3 apoch's ghost, amateur MiFi; hgbash's ghost, weakling DEIE


Innate Abilities, Weirdness & Mutations

You may rarely emit foul miasma when damaged in melee.
When hurt, damage is shared between your health and your magic reserves.
You regenerate magic rapidly.


Message History

No target in view!
Found a stone staircase leading up.
You see here a hobgoblin corpse.
Apoch's ghost turns its malevolent gaze towards you.
Hgbash's ghost turns its malevolent gaze towards you.
Apoch's ghost screams, "You must not succeed where I failed!"
No reachable target in view!
No reachable target in view!
No reachable target in view!
No reachable target in view!
Could not explore, unopened runed door.
Could not explore, unopened runed door.
Could not explore, unopened runed door.
Could not explore, unopened runed door.
Could not explore, unopened runed door.
Could not explore, unopened runed door.
Could not explore, unopened runed door.
Could not explore, unopened runed door.
Could not explore, unopened runed door.
Could not explore, unopened runed door.
Could not explore, unopened runed door.
Could not explore, unopened runed door.
Unknown command.
Okay, then.
As you read the scroll labelled TUROMADE QOUJ, it crumbles to dust.
Magic quickly surges around you.
It was a scroll of vulnerability.
You feel very mighty all of a sudden.
You open the gate. You closely miss apoch's ghost.
Apoch's ghost closely misses you. Hgbash's ghost freezes you.
You are frozen.
You hit apoch's ghost.
Apoch's ghost is lightly damaged.
Apoch's ghost hits you! Hgbash's ghost hits you! Apoch's ghost hits you!
* * * LOW HITPOINT WARNING * * *
You emit a cloud of foul miasma!
You block hgbash's ghost's attack.
You closely miss apoch's ghost.
Apoch's ghost is lightly damaged.
Apoch's ghost hits you!
You die...

.......#..##
..+........###$.⌠P[##
..####.....##8.....8##
..# #.....#$.......?#
..# #.....#........P#
### #.....#⌠.......⌠#
#.....#.........#
#.....####'WW###
#####......@...#
###........#
#.....#### #######


You could see apoch's ghost and hgbash's ghost.

Vanquished Creatures
  3 adders (D:2)
  3 gnolls (D:2)
  2 worms (D:2)
  2 dart slugs (D:2)
  2 endoplasms
  3 giant cockroaches
  4 goblins
  6 hobgoblins
  4 jackals (D:2)
  2 quokkas (D:1)
  9 ball pythons
  4 bats
  4 frilled lizards
  6 kobolds
  3 rats
57 creatures vanquished.

Vanquished Creatures (others)
  2 fungi (D:2)
  4 withered plants (D:3)
6 creatures vanquished.

Grand Total: 63 creatures vanquished

Notes
Turn   | Place    | Note
-------+----------+-------------------------------------------
     0 | D:1      | SensoryNuts the Demonspawn Fighter began the quest for the
                  | Orb.
     0 | D:1      | Reached XP level 1. HP: 18/18 MP: 1/1
   143 | D:1      | Found a faded altar of an unknown god.
   377 | D:1      | Gained mutation: You regenerate magic rapidly. [demonic
                  | ancestry]
   377 | D:1      | Reached XP level 2. HP: 16/24 MP: 2/2
  1356 | D:2      | Identified the +1 ring mail of Action {Contam Drain rPois
                  | SInv}
  1445 | D:2      | Gained mutation: When hurt, damage is shared between your
                  | health and your magic reserves. [demonic ancestry]
  1445 | D:2      | Reached XP level 3. HP: 28/29 MP: 3/3
  1478 | D:2      | Gained mutation: You may rarely emit foul miasma when
                  | damaged in melee. [demonic ancestry]
  1478 | D:2      | Reached XP level 4. HP: 27/35 MP: 4/4
  2127 | D:3      | Found a runed translucent gate.
  2127 | D:3      | Found a runed translucent gate.
  2127 | D:3      | Found a runed translucent gate.
  2128 | D:3      | Noticed hgbash's ghost (weakling DEIE)
  2129 | D:3      | Noticed apoch's ghost (amateur MiFi)
  2286 | D:3      | Found a bloodstained altar of Trog.
  2424 | D:3      | Slain by apoch's ghost

Illustrated notes

Levels and vault maps discovered:
D:1:      dpeg_arrival_radiant, layout_basic, basic_ecumenical_altar
D:2:      layout_rooms, minmay_shallow_snake_nest
D:3:      layout_basic, trog_three_pillars_becter, gammafunk_ghost_cemetery,
          hangedman_abyss_or_decor_lesser_grid, nrook_campfire

Skill      XL: |  1  2  3  4 |
---------------+-------------+-----
Long Blades    | 2 3 |  3.7
Armour         | 3 |  3.1
Shields        | 3 |  3.0
Fighting       | |  3.3
Dodging        | |  0.6

Action                   |  1- 3 |  4- 6 || total
-------------------------+-------+-------++-------
Melee: Long sword        |    98 |    69 ||   167
  Use: Scroll            |     3 |     5 ||     8
       Potion            |       |     1 ||     1
Armor: Scale mail        |    64 |    42 ||   106
Dodge: Dodged            |    48 |    26 ||    74
Block: Buckler           |    30 |    18 ||    48
